 Dungeon Sprint DCSS version 0.27-a0-216-g1fbed8a51c (webtiles) character file.

Game seed: 8720612719312384013

58 mhtbhm the Covert (level 3, -11/19 HPs)
             Began as a Spriggan Brigand on Jan 31, 2021.
             Killed from afar by an oklob sapling priest (15 damage)
             ... with a splash of acid
             ... in the Dungeon (Sprint IV: "Fedhas' Mad Dash").
             The game lasted 00:00:32 (437 turns).

mhtbhm the Covert (Spriggan Brigand)                 Turns: 437, Time: 00:00:32

Health: -11/19     AC: -1    Str:  7    XL:     3   Next: 75%
Magic:  3/4        EV: 18    Int: 12    God:
Gold:   46         SH:  0    Dex: 18    Spells: 2/2 levels left

rFire    . . .     SeeInvis +   a - +2 dagger
rCold    . . .     Faith    .   (shield restricted)
rNeg     . . .     Spirit   .   b - +0 robe
rPois    .         Reflect  .   (helmet restricted)
rElec    .         Harm     .   c - +0 cloak
rCorr    .         Rampage  .   (gloves unavailable)
Will     .....     NoTele   +   (boots unavailable)
Stlth    +++++.....             l - amulet of invisibility {+Inv}
HPRegen  0.06/turn              (no ring)
MPRegen  0.09/turn              (no ring)

@: corroded, very slightly contaminated, invisible (expiring), very quick
A: very small, unfitting armour, see invisible, speed 3
a: Evoke Invisibility


You were in the Dungeon.
You visited 1 branch You collected 46 gold pieces.

Inventory:

Hand Weapons
 a - a +2 dagger (weapon)
Missiles
 d - 8 poisoned darts
 e - 2 curare-tipped darts (quivered)
Armour
 b - a +0 robe (worn)
 c - a +0 cloak (worn)
Jewellery
 l - the amulet of invisibility (around neck) {+Inv}
   (You found it in the Dungeon)

   [amulet of nothing]

   It lets you turn invisible.
Scrolls
 k - a scroll of blinking
Potions
 f - a potion of curing
 g - a potion of heal wounds
 h - a potion of haste
 i - 2 potions of magic
 j - a potion of berserk rage
 m - a potion of ambrosia {unknown}


   Skills:
 + Level 2.3 Fighting
 + Level 3.3 Short Blades
 + Level 3.0 Throwing
 + Level 2.5 Dodging
 + Level 10.9 Stealth


You had 2 spell levels left.
You didn't know any spells.
Your spell library was empty.

Dungeon Overview and Level Annotations

Branches:
Dungeon (1/1)

Altars:
Cheibriados
Dithmenos
Elyvilon
Gozag
Hepliaklqana
Kikubaaqudgha
Makhleb
Nemelex Xobeh
Okawaru
Qazlal
Ru
Sif Muna
Trog
Uskayaw
Vehumet
Wu Jian
Xom
Yredelemnul
Zin
The Shining One
Beogh
Jiyva
Lugonu

Annotations:
D exclusion: oklob sapling


Innate Abilities, Weirdness & Mutations

You are very small and have problems with some larger weapons.
You are too small for most types of armour.
You have supernaturally acute eyesight. (SInv)
You cover ground extremely quickly.


Message History

You hit the oklob sapling priest.
The oklob sapling priest is severely damaged.
You hit the oklob sapling priest but do no damage.
The oklob sapling priest is severely damaged.
You hit the oklob sapling priest.
The oklob sapling priest is severely damaged.
You flicker for a moment.
The oklob sapling priest spits acid at you.
The splash of acid hits you. The acid corrodes you!
You are splashed with acid!
Ouch! That really hurt!
* * * LOW HITPOINT WARNING * * *
There is a viscous altar of Jiyva here.
You hit the oklob sapling priest but do no damage.
The oklob sapling priest is severely damaged.
You hit the oklob sapling priest but do no damage.
The oklob sapling priest is severely damaged.
The oklob sapling priest spits acid at you.
The splash of acid hits you!
Ouch! That really hurt!
You die...

########################
..÷#.....#.⌠._._._._.⌠.#
...'.#...'.._._.@._._..+
...#.#†..#..._._P_._...#
#######+##.._._._._._..#
#._._._._._.⌠.#
###############


You could see an oklob sapling priest.

Vanquished Creatures
  An oklob sapling (D)
  A worker ant (D)
  A river rat (D)
  A rat (D)
4 creatures vanquished.

Notes
Turn   | Place    | Note
-------+----------+-------------------------------------------
     0 | D        | mhtbhm the Spriggan Brigand began the quest for the Orb.
     0 | D        | Reached XP level 1. HP: 10/10 MP: 2/2
    12 | D        | Reached skill level 8 in Stealth
    12 | D        | Reached XP level 2. HP: 6/15 MP: 3/3
   387 | D        | Noticed an oklob sapling
   388 | D        | Killed an oklob sapling
   389 | D        | Reached skill level 9 in Stealth
   389 | D        | Reached XP level 3. HP: 18/18 MP: 4/4
   392 | D        | Found the amulet of invisibility {+Inv}
   394 | D        | Reached skill level 10 in Stealth
   418 | D        | Found an opulent altar of Gozag.
   418 | D        | Found a hazy altar of Hepliaklqana.
   418 | D        | Found a burning altar of Makhleb.
   418 | D        | Found a roughly hewn altar of Beogh.
   418 | D        | Found a sparkling altar of Nemelex Xobeh.
   418 | D        | Found a snail-covered altar of Cheibriados.
   418 | D        | Found a sacrificial altar of Ru.
   418 | D        | Found a shimmering blue altar of Sif Muna.
   418 | D        | Found a shimmering altar of Xom.
   418 | D        | Found a basalt altar of Yredelemnul.
   419 | D        | Found a viscous altar of Jiyva.
   419 | D        | Found a bloodstained altar of Trog.
   419 | D        | Found an ornate altar of the Wu Jian Council.
   419 | D        | Noticed an oklob sapling priest
   420 | D        | Found an iron altar of Okawaru.
   420 | D        | Found a shadowy altar of Dithmenos.
   420 | D        | Found a glowing silver altar of Zin.
   421 | D        | Found an ancient bone altar of Kikubaaqudgha.
   421 | D        | Found a hide-covered altar of Uskayaw.
   422 | D        | Found a stormy altar of Qazlal.
   422 | D        | Found a white marble altar of Elyvilon.
   422 | D        | Found a glowing golden altar of the Shining One.
   423 | D        | Found a corrupted altar of Lugonu.
   423 | D        | Found a radiant altar of Vehumet.
   437 | D        | Killed from afar by an oklob sapling priest

Illustrated notes

Levels and vault maps discovered:
D:        dungeon_sprint_fedhas [sprint_temple]

Skill      XL: |  1  2  3 |
---------------+----------+-----
Stealth        | 8 9 10 | 10.9
Dodging        | 2 |  2.5
Fighting       | 2 |  2.3
Short Blades   | 3 |  3.3
Throwing       | 3 |  3.0

Action                   || total
-------------------------++-------
Melee: Dagger            ||    17
Throw: Dart              ||     2
 Abil: Evoke Invisibilit ||     1
 Stab: Sleeping          ||     3
Dodge: Dodged            ||     2

Table legend: (Time is in decaauts)
 A = Elapsed time spent in this place.
 B = Non-inter-level travel time spent in this place.
 C = Inter-level travel time spent in this place.
 D = Time resting spent in this place.
 E = Time spent auto-exploring this place.
 F = Levels seen in this place.
 G = Mean time per level.
                   A        B        C        D        E       F      G
               +--------+--------+--------+--------+--------+-----+--------+
         Total |    420 |    420 |      0 |    365 |      1 |   1 |  420.0 |
       Dungeon |    420 |    420 |      0 |    365 |      1 |   1 |  420.0 |
               +--------+--------+--------+--------+--------+-----+--------+

Top non-repeatable levels by time:
       D: 420 daAuts
